Unix NetHack Version 5.0.0-0 post-release - last build May 23 2026 06:08:33 (1c0ff79ee797540d5714e4e18072db0edd9e58ae,branch:main).

Game began 2026-05-06 21:20:26, ended 2026-05-28 02:38:11.

Havs, lawful male human Knight

                                -----------
                           ......a.%aaaaaa.
                         ..........----@---  @
                        ..........-- .a&@a
                       %%..%.....-- @A@@aa
            -----     %..[.......|    ...@
             ...|      -..%-------       A
     ---------..--   ----|---
     |.......|...-- --..)%%..          |
     |......%|....---%.%%....          .  A
     |..._..%)%....%.%%...%..          .
     |.....?%|....---.......          -+-
     |.......|...-- --.....
     ---------..--   -----
             ...|
            -----

Havs the Banneret        St:18/37 Dx:18 Co:18 In:22 Wi:22 Ch:18  Lawful
Astral Plane $:0  HP:0(291) Pw:9(115) AC:-33 Xp:18 T:43261 

Latest messages:
 The mind flayer misses!
 The mind flayer misses!
 The mind flayer misses!
 Death moves the priest of Moloch out of the way!
 You kill the mind flayer!
 Death moves the priest of Moloch out of the way!
 Death moves the soldier ant out of the way!
 The Angel of Moloch zaps you with a magic missile!
 The magic missile hits you!
 But it reflects from your medallion!
 You kill the soldier ant!
 You see here 2 cream pies.
 The Angel of Moloch swings his long sword at the priest of Moloch.
 The Angel of Moloch hits the priest of Moloch.
 The Angel of Moloch swings his long sword at the priest of Moloch.
 The Angel of Moloch hits the priest of Moloch.
 The Angel of Moloch hits the priest of Moloch.
 The priest of Moloch swings his mace at the Angel of Moloch.
 The priest of Moloch hits the Angel of Moloch.
 The priest of Moloch misses the Angel of Moloch.
 You see here a +0 elven dagger.
 You hit the Angel of Moloch!
 You hit the Angel of Moloch!
 The Angel of Moloch swings his long sword at the priest of Moloch.
 The Angel of Moloch hits the priest of Moloch.
 The Angel of Moloch swings his long sword at the priest of Moloch.
 The Angel of Moloch hits the priest of Moloch.
 The Angel of Moloch hits the priest of Moloch.
 The priest of Moloch swings his mace at the Angel of Moloch.
 The priest of Moloch hits the Angel of Moloch.
 The priest of Moloch hits the Angel of Moloch.
 The Angel of Moloch is killed!
 You hit the priest of Moloch!
 You hit the priest of Moloch!
 You hear a chugging sound.
 The priest of Moloch drinks a potion of healing!
 The priest of Moloch looks better.
 You kill the priest of Moloch!
 What do you want to eat? [isE or ?*] ?
 You resume your meal.
 You stop eating the food ration.
 Death moves the soldier ant out of the way!
 The priestess of Manannan Mac Lir casts a spell!
 The priestess of Manannan Mac Lir summons insects!
 Death reaches out with its deadly touch.
 You feel your life force draining away...
 Death reaches out with its deadly touch.
 You feel your life force draining away...
 You die...
 Do you want your possessions identified? [ynq] (y) q

Inventory:
 Amulets  ('"')
  c - a cursed amulet of ESP
  S - a cursed amulet of reflection (being worn)
  M - the Amulet of Yendor named the real deal
 Weapons  (')')
  P - 2 +0 elven daggers (at the ready)
  a - the blessed rustproof +7 Excalibur (wielded in right hand)
  R - a blessed +5 silver saber (wielded in left hand)
 Armor    ('[')
  T - a blessed tempered +4 helm of brilliance (being worn)
  L - a blessed fireproof +4 pair of leather gloves (being worn)
  I - a blessed fireproof +4 pair of speed boots (being worn)
  v - a blessed fireproof +4 cloak of magic resistance (being worn)
  y - an uncursed fireproof +4 T-shirt with text "Furinkan High School Athletic Dept." (being worn)
  r - a blessed +4 gray dragon scale mail (being worn)
 Comestibles  ('%')
  i - an uncursed food ration
  s - an uncursed partly eaten food ration
  E - an uncursed lizard corpse
 Scrolls  ('?')
  g - a blessed scroll of remove curse
 Rings    ('=')
  z - an uncursed ring of conflict (on left hand)
  K - a cursed +2 ring of gain constitution
  q - an uncursed +3 ring of increase damage
  n - an uncursed ring of levitation
  m - an uncursed +1 ring of protection
  V - an uncursed ring of regeneration (on right hand)
  N - an uncursed ring of slow digestion
  B - an uncursed ring of sustain ability
 Wands    ('/')
  b - a wand of cold (0:2)
  O - a wand of create monster (0:12)
  Y - a wand of death (0:0)
  U - a wand of fire (0:1)
  e - a wand of light (0:10)
  G - a wand of lightning (0:1)
  o - a wand of magic missile (0:6)
  f - a cursed wand of opening (0:1)
  J - a wand of secret door detection (0:1)
  Z - a cursed wand of slow monster (0:2)
  F - a wand of teleportation (0:2)
  W - a wand of teleportation (0:0)
 Tools    ('(')
  h - a blessed bag of holding containing 68 items
  C - a drum of earthquake (0:3)
  X - the Bell of Opening (0:1)
  j - the uncursed Candelabrum of Invocation (0 of 7 candles attached)
  l - an uncursed magic lamp (lit)
  p - a magic marker (0:19)
  D - the blessed Magic Mirror of Merlin
  x - a thoroughly rusty +0 pick-axe
  k - an uncursed skeleton key
  t - a cursed towel
  u - a blessed +0 unicorn horn
 Gems/Stones  ('*')
  d - a blessed luckstone

Contents of the bag of holding:
  8706 gold pieces
  an uncursed amulet of flying
  an uncursed amulet of life saving
  an uncursed amulet of magical breathing
  an uncursed amulet of unchanging
  an uncursed +0 pair of levitation boots
  an uncursed +0 pair of water walking boots
  2 uncursed carrots
  4 uncursed food rations
  an uncursed fortune cookie
  10 blessed scrolls of blank paper
  4 cursed scrolls of blank paper
  an uncursed scroll of genocide
  2 potions of holy water
  a blessed +0 ring of gain constitution
  an uncursed -2 ring of increase damage
  an uncursed ring of polymorph control
  an uncursed ring of protection from shape changers
  an uncursed ring of searching
  an uncursed ring of shock resistance
  an uncursed ring of stealth
  an uncursed ring of teleportation
  an uncursed ring of warning
  a wand of create monster (0:12)
  a wand of create monster (0:11)
  a wand of digging (0:8)
  a wand of digging (0:6)
  a wand of digging (0:8)
  a blessed wand of fire (0:6)
  a wand of fire (0:7)
  a wand of fire (0:4)
  a wand of lightning (0:4)
  a wand of lightning (0:4)
  a wand of locking (0:8)
  a wand of make invisible (0:7)
  a wand of opening (0:5)
  a wand of polymorph (0:6)
  a wand of secret door detection (0:15)
  a wand of sleep (0:8)
  a wand of sleep (0:4)
  a wand of slow monster (0:6)
  a wand of speed monster (0:4)
  a wand of striking (0:3)
  a wand of teleportation (0:7)
  a wand of teleportation (0:5)
  a wand of undead turning (0:6)
  a wand of undead turning (0:0)
  a wand of wishing (1:0)
  a blessed magic lamp
  an uncursed saddle
  an uncursed jet stone
  5 uncursed agate stones
  3 uncursed amethyst stones
  2 uncursed black opals
  2 uncursed citrine stones
  6 uncursed diamonds
  5 uncursed emeralds
  2 uncursed fluorite stones
  2 uncursed garnet stones
  7 uncursed jacinth stones
  an uncursed jade stone
  an uncursed jasper stone
  an uncursed opal
  2 uncursed rubies
  an uncursed sapphire
  an uncursed topaz stone
  2 uncursed turquoise stones
  a blessed touchstone

Havs the Knight's attributes:

Background:
 You were a Banneret, a level 18 male human Knight.
 You were lawful, on a mission for Lugh
 who was opposed by Brigit (neutral) and Manannan Mac Lir (chaotic).
 You were right-handed.
 You were in the endgame, on the Astral Plane.
 You entered the dungeon 43261 turns ago.
 It was nighttime.
 You had 1538713 experience points, 1021287 more were needed for level 19.

Basics:
 You had 0 out of 291 hit points.
 You had 9 out of 115 energy points (spell power).
 Your armor class was -33.
 Your wallet was empty, but
 you had 8706 zorkmids stashed away in your pack.
 Autopickup was off.

Final Characteristics:
 Your strength was 18/37 (limit:18/100).
 Your dexterity was 18 (limit:18).
 Your constitution was 18 (limit:18).
 Your intelligence was 22 (base:18, innate limit:18).
 Your wisdom was 22 (base:18, innate limit:18).
 Your charisma was 18 (limit:18).

Final Status:
 You weren't hungry.
 You were unencumbered.
 You were wielding two weapons at once.
 Your skill in long sword was limited by being skilled with two weapons.
 Your two weapon skill was limited by being unskilled with saber.

Final Attributes:
 You were piously aligned.
 You were magic-protected.
 You were fire resistant.
 You were cold resistant.
 You were sleep resistant.
 You were disintegration resistant.
 You were shock resistant.
 You were poison resistant.
 You were level-drain resistant.
 You saw invisible.
 You were telepathic.
 You had automatic searching.
 You were invisible to others.
 You caused conflict.
 You could jump.
 You regenerated.
 You had a moderate defense bonus (+6).
 You were warded.
 You were very fast.
 You had reflection.
 You were lucky.
 You had extra luck.
 Good luck did not time out for you.
 You are dead.

Miscellaneous:
 You encountered 2 bones levels.
 Total elapsed playing time was 2 days, 4 hours, 1 minute and 47 seconds.

Major events:
 Turn
    1: Havs the lawful male human Knight entered the dungeon
  668: entered the Gnomish Mines
  755: made his first wish - "blessed +2 gray dragon scale mail", got "a gray dragon scale mail"
  946: attained the rank of Esquire (level 3)
 2261: wished for "blessed fireproof +2 pair of speed boots", got "a pair of riding boots"
 2315: was given Excalibur by the Lady of the Lake
 2741: attained the rank of Bachelor (level 6)
 4415: was bestowed with Demonbane by Lugh
 6092: reached Mine Town
 8118: acquired the Mines' End luckstone
 9866: entered Sokoban
10099: completed 1st Sokoban level
11111: attained the rank of Sergeant (level 10)
11403: completed 2nd Sokoban level
11769: completed 3rd Sokoban level
12419: completed 4th Sokoban level
12536: acquired the Sokoban bag of holding
12607: wished for "2 blessed scrolls of charging", got "a scroll labeled VERR YED HORRE"
12610: wished for "blessed amulet of reflection", got "a pyramidal amulet"
12619: wished for "magic marker", got "a magic marker"
13447: entered the Bigroom
15262: entered Home 1, the Quest
19395: killed Medusa
19405: attained the rank of Knight (level 14)
19998: King Arthur has granted access to proceed deeper into the quest
20020: entered Home 2, the Quest
20137: entered Home 3, the Quest
20244: entered Home 4, the Quest
20340: entered Home 5, the Quest
20423: entered Home 6, the Quest
20492: killed Ixoth
20492: found the Magic Mirror of Merlin carried by a monster
20501: acquired the Bell of Opening
23313: performed his first genocide (arch-liches)
27135: wished for "blessed figurine of an Ki-rin", got "a figurine of a ki-rin"
27147: wished for "blessed figurine of an Ki-rin", got "a figurine of a ki-rin"
27663: entered Gehennom
28832: killed Asmodeus
29083: genocided class L
30015: Juiblex has been killed
30422: killed Baalzebub
31338: killed Orcus
32523: killed Yeenoghu
32567: destroyed Vlad the Impaler
32571: killed Geryon
32573: acquired the Candelabrum of Invocation
39664: killed the Wizard of Yendor
39672: acquired the Book of the Dead
39941: performed the invocation
40494: killed the high priestess of Moloch
40501: acquired The Amulet of Yendor
40501: wished for "magic marker", got "a magic marker"
41509: attained the rank of Banneret (level 18)
42117: killed the Wizard of Yendor (2nd time)
42693: entered the Elemental Planes
42693: entered Plane of Earth
42696: killed the Wizard of Yendor (3rd time)
43002: entered Plane of Air
43058: entered Plane of Fire
43103: entered Plane of Water
43155: entered the Astral Plane
43161: killed Pestilence
43198: killed Pestilence (2nd time)
43261: killed by Death

Spells:
 Name                 Level Category     Fail Retention
 haste self             3   escape        54%    (gone)
 remove curse           3   clerical      43%    (gone)
 cure blindness         2   healing        0%    (gone)
 magic missile          2   attack        12%   81%-85%
 force bolt             1   attack        12%   36%-40%
 light                  1   divination    12%    (gone)
 sleep                  3   enchantment   54%    (gone)
 slow monster           2   enchantment   12%    (gone)
 teleport away          6   escape       100%    (gone)
 stone to flesh         3   healing       54%    1%-25%
 detect food            2   divination    12%    1%-25%
 charm monster          5   enchantment   92%    1%-25%
 chain lightning        2   attack        12%   11%-15%
 extra healing          3   healing       43%  76%-100%
 detect treasure        4   divination    76%    1%-25%
 confuse monster        1   enchantment   12%    1%-25%
 dig                    5   matter        92%    1%-25%
 cancellation           7   matter       100%   26%-50%
 invisibility           4   escape        76%   26%-50%
 create familiar        6   clerical     100%   26%-50%
 create monster         2   clerical      12%  76%-100%

Skills:
 Fighting Skills
   bare handed combat [Unskilled]
   two weapon combat  [Skilled]
   riding             [Skilled]
 Weapon Skills
   dagger             [Unskilled]
   knife              [Unskilled]
   axe                [Unskilled]
   pick-axe           [Unskilled]
   short sword        [Unskilled]
   broadsword         [Unskilled]
   long sword         [Expert]
   two-handed sword   [Unskilled]
   saber              [Unskilled]
   club               [Unskilled]
   mace               [Unskilled]
   morning star       [Unskilled]
   flail              [Unskilled]
   hammer             [Unskilled]
   polearms           [Unskilled]
   spear              [Unskilled]
   trident            [Unskilled]
   lance              [Expert]
   bow                [Unskilled]
   crossbow           [Unskilled]
 Spellcasting Skills
   attack spells      [Skilled]
   healing spells     [Unskilled]
   clerical spells    [Unskilled]

Voluntary challenges:
 Character rerolling was not enabled.
 You genocided 4 types of monsters.
 You never changed form.
 You used 8 wishes.
 You did not wish for any artifacts.
 You violated the special Sokoban rules twice.
Achievements:
 You entered the Gnomish Mines.
 You attained the rank of Esquire.
 You attained the rank of Bachelor.
 You entered Minetown.
 You entered a shop.
 You entered a temple.
 You completed the Gnomish Mines.
 You entered Sokoban.
 You attained the rank of Sergeant.
 You completed Sokoban.
 You entered the Big Room.
 You defeated Medusa.
 You attained the rank of Knight.
 You had the Bell of Opening.
 You entered Gehennom.
 You had the Candelabrum of Invocation.
 You handled the Book of the Dead.
 You gained access to Moloch's Sanctum.
 You had the Amulet of Yendor.
 You attained the rank of Banneret.
 You reached the Elemental Planes.
 You reached the Astral Plane.

 The Elemental Planes:
    Astral Plane: <- You were here.
       A temple and an altar.
       Final resting place for
          you, killed by Death.
    Plane of Water:
    Plane of Fire:
    Plane of Air:
    Plane of Earth:
 The Dungeons of Doom: levels 1 to 28
    Level 1:
       One way stairs up to The Elemental Planes.
    Level 2:
       Stairs down to The Gnomish Mines.
    Level 3:
    Level 4:
       A grave.
    Level 5:
       A grave.
    Level 6:
    Level 7:
       Oracle of Delphi.
    Level 8:
       An altar to Lugh.
       Stairs up to Sokoban, level 7.
    Level 9:
    Level 10:
       A very big room.
       Final resting place for
          stachwick-Kni-Hum-Mal-Law, killed by a gray unicorn.
    Level 11:
    Level 12:
    Level 13:
    Level 14:
       A sink.
       Portal to The Quest.
    Level 15:
    Level 16:
       A primitive area.
    Level 17:
    Level 18:
       A sink.
    Level 19:
       An altar to Lugh.
    Level 20:
       A temple and an altar.
    Level 21:
       A sink, a grave.
    Level 22:
       An armor shop, a grave.
    Level 23:
       A grave.
       Final resting place for
          MonkMan11-Kni-Hum-Mal-Law, killed by a minotaur.
    Level 24:
    Level 25:
       Many trees.
    Level 26:
    Level 27:
    Level 28:
       The castle.
 Gehennom: levels 29 to 52
    Level 29:
       A temple and an altar, many graves.
       Valley of the Dead.
    Level 30:
    Level 31:
    Level 32:
    Level 33:
    Level 34:
    Level 35:
       A fountain.
    Level 36:
    Level 37:
    Level 38:
       Some shops, an altar, a grave.
    Level 39:
       Stairs up to Vlad's Tower, level 38.
    Level 40:
    Level 41:
    Level 42:
    Level 43:
    Level 44:
    Level 45:
    Level 46:
    Level 47:
    Level 48:
    Level 49:
    Level 50:
    Level 51:
    Level 52:
       A temple and an altar, many graves.
       Moloch's Sanctum.
 The Gnomish Mines: levels 3 to 10
    Level 3:
    Level 4:
    Level 5:
    Level 6:
       Many shops, a temple and an altar, many fountains.
    Level 7:
    Level 8:
    Level 9:
    Level 10:
 The Quest: levels 1 to 6
    Level 1:
       A throne.
       Completed quest for King Arthur.
    Level 2:
    Level 3:
       A temple and an altar.
    Level 4:
    Level 5:
    Level 6:
 Sokoban: levels 7 up to 4
    Level 4:
       Solved.
    Level 5:
       Solved.
    Level 6:
       Solved.
    Level 7:
       Solved.
 Vlad's Tower: levels 38 up to 36
    Level 36:
       A throne.
    Level 37:
    Level 38:


Vanquished creatures:
    Asmodeus
    Baalzebub
    Geryon
    Orcus
    Yeenoghu
  3 erinyes
    Juiblex
the Wizard of Yendor (4 times)
    Pestilence (twice)
    Vlad the Impaler
  a high cleric
  3 mastodons
    Medusa
  9 krakens
 10 iron golems
  2 ki-rin
  a storm giant
  4 glass golems
  6 balrogs
  4 purple worms
  2 gray dragons
  2 gold dragons
  3 silver dragons
 10 red dragons
  9 white dragons
 an orange dragon
  9 black dragons
  3 blue dragons
  2 yellow dragons
 32 minotaurs
  8 jabberwocks
    Ixoth
  6 baluchitheria
  7 Angels
  3 demiliches
  2 stone golems
  3 master mind flayers
 13 Olog-hai
  3 Nazgul
 17 pit fiends
  5 sandestins
  8 hell hounds
  5 displacer beasts
  7 titanotheres
  8 trappers
 10 baby red dragons
  3 guardian nagas
  5 genetic engineers
  5 disenchanters
 30 vampire leaders
  6 skeletons
 12 aligned clerics
  2 captains
  6 shades
  3 liches
  4 clay golems
 15 nurses
 22 ice devils
 12 nalfeshnees
  9 lurkers above
 an Aleax
  6 ettins
  8 black puddings
 34 vampires
  7 lieutenants
 34 ghosts
  a queen bee
  8 winged gargoyles
  6 mind flayers
 19 giant mimics
  5 long worms
  8 zruties
  5 fire giants
 10 ogre tyrants
  7 ice trolls
  2 rock trolls
 14 umber hulks
  6 flesh golems
 14 elven monarchs
  2 doppelgangers
 21 hezrous
 20 bone devils
 11 large mimics
  5 wumpuses
  9 fire vortices
 14 stalkers
  9 air elementals
 12 fire elementals
 19 earth elementals
  7 water elementals
  6 hill giants
  7 giant mummies
 17 xorns
 24 giant zombies
 14 elf-nobles
 18 sergeants
  2 water demons
  9 barbed devils
 16 vrocks
 16 salamanders
  9 wargs
  4 winter wolves
 25 hell hound pups
  8 small mimics
  6 warhorses
 17 steam vortices
 12 xans
  5 ettin mummies
  8 ogre leaders
  7 quantum mechanics
 36 trolls
  3 wood golems
 10 mariliths
  a djinni
  3 sharks
  2 electric eels
 22 gelatinous cubes
  3 pyrolisks
  2 large dogs
  9 freezing spheres
 10 flaming spheres
  9 shocking spheres
  2 large cats
 12 tigers
  9 gargoyles
  a dwarf ruler
 40 ochre jellies
 13 leocrottas
  4 energy vortices
 10 mountain centaurs
  2 stone giants
  3 elf mummies
  2 human mummies
 12 red nagas
 10 green slimes
  2 pythons
  6 pit vipers
  6 cobras
 41 wraiths
  4 carnivorous apes
 25 ettin zombies
  a leather golem
 18 Grey-elves
 58 soldiers
 11 amorous demons
  8 horned devils
  9 chameleons
  6 crocodiles
 43 giant beetles
  5 quivering blobs
 24 cockatrices
  5 wolves
  5 winter wolf cubs
  7 lynxes
  3 panthers
  3 gremlins
  4 spotted jellies
  6 leprechauns
  4 orc-captains
  7 iron piercers
  3 mumakil
 18 giant spiders
 16 scorpions
  6 horses
  4 ice vortices
  9 black lights
  9 vampire bats
  7 forest centaurs
  6 gnome rulers
  2 orc mummies
  6 dwarf mummies
  6 ogres
 13 brown puddings
 14 rust monsters
 13 owlbears
  7 yetis
  5 gold golems
  a werewolf
 10 Green-elves
  3 piranha
 11 giant eels
  5 lizards
  2 dingoes
  4 dogs
  4 housecats
  6 jaguars
  a dwarf leader
  3 blue jellies
  5 gray unicorns
  a black unicorn
  6 dust vortices
 31 ravens
 13 plains centaurs
  5 gnome mummies
  7 snakes
 10 apes
 16 human zombies
  2 rope golems
 12 Woodland-elves
 45 soldier ants
 29 fire ants
 25 bugbears
  3 imps
  3 lemures
 93 quasits
  5 wood nymphs
  4 water nymphs
  4 mountain nymphs
 16 Mordor orcs
 13 Uruk-hai
  3 orc shamans
  9 rock piercers
  5 rock moles
  3 ponies
  2 fog clouds
 18 yellow lights
  5 violet fungi
 19 gnome leaders
  8 gnomish wizards
  3 kobold mummies
 10 gray oozes
  3 barrow wights
 20 elf zombies
 14 ghouls
  a paper golem
  3 jellyfish
 55 giant ants
  2 little dogs
 11 floating eyes
  a kitten
 11 dwarves
  7 homunculi
  3 kobold leaders
  2 kobold shamans
  4 hill orcs
 16 rothes
  3 rabid rats
  3 centipedes
  a giant bat
  5 monkeys
 21 orc zombies
 18 dwarf zombies
  2 wererats
 10 iguanas
 76 killer bees
  7 acid blobs
  5 coyotes
  4 gas spores
  5 hobbits
 20 manes
  7 large kobolds
 45 hobgoblins
  9 giant rats
 12 cave spiders
  3 brown molds
  a yellow mold
  3 green molds
 64 gnomes
  5 garter snakes
 14 gnome zombies
  7 geckos
  7 jackals
  a fox
  4 kobolds
  9 goblins
  7 sewer rats
 12 grid bugs
  8 bats
  6 lichens
 11 kobold zombies
  8 newts
2668 creatures vanquished.

Genocided or extinct species:
 erinyes (extinct)
 arch-liches
 master liches
 demiliches
 liches
4 species genocided.
1 species extinct.

Game over:
                       ----------
                      /          \
                     /    REST    \
                    /      IN      \
                   /     PEACE      \
                  /                  \
                  |       Havs       |
                  |     8706 Au      |
                  | killed by Death  |
                  |                  |
                  |                  |
                  |                  |
                  |       2026       |
                 *|     *  *  *      | *
        _________)/\\_//(\/(/\)/\//\/|_)_______

Fare thee well Havs the Knight...

You died in The Astral Plane with 1763368 points,
and 8706 pieces of gold, after 43261 moves.
You were level 18 with a maximum of 291 hit points when you died.

